 Dungeon Crawl Stone Soup version 0.26.0-20-g3ca415f5b8 (webtiles) character file.

Game seed: 8873619722602479396

179 thiole the Sneak (level 5, -1/31 HPs)
             Began as an Octopode Hedge Wizard on Jan 26, 2021.
             Killed from afar by Sigmund (11 damage)
             ... with a puff of flame
             ... on level 3 of the Dungeon.
             The game lasted 00:05:20 (3480 turns).

thiole the Sneak (Octopode Hedge Wizard)            Turns: 3480, Time: 00:05:20

Health: -1/31      AC:  1    Str:  9    XL:     5   Next: 59%
Magic:  4/11       EV: 13    Int: 17    God:
Gold:   39         SH:  0    Dex: 12    Spells: 4/12 levels left

rFire    . . .     SeeInvis .   a - +0 dagger
rCold    . . .     Faith    .   (no shield)
rNeg     . . .     Spirit   .   b - +0 hat
rPois    .         Reflect  .   (no amulet)
rElec    .         Harm     .   (no ring)
rCorr    .         Rampage  .   (no ring)
Will     .....                  (no ring)
Stlth    ++++......             (no ring)
HPRegen  0.10/turn              (no ring)
MPRegen  0.12/turn              (no ring)
                                (no ring)
                                (no ring)

@: brilliant
A: almost no armour, stealthy swim, amphibious, 8 rings, constrict 8, camouflage
1, gelatinous body 1
a: no special abilities


You were on level 3 of the Dungeon.
You visited 1 branch of the dungeon, and saw 3 of its levels.

You collected 39 gold pieces.

Inventory:

Hand Weapons
 a - a +0 dagger (weapon)
 d - a +4 hand axe
 h - a +4 long sword
Armour
 b - a +0 hat (worn)
Jewellery
 g - an uncursed ring of positive energy {unknown}
Wands
 i - a wand of random effects (22)
Scrolls
 c - 2 scrolls of identify {unknown}
 e - a scroll of magic mapping {unknown}
 f - a scroll of teleportation {unknown}
 k - a scroll of enchant armour {unknown}


   Skills:
 + Level 0.1 Fighting
 + Level 2.0 Dodging
 - Level 5.0 Stealth
 - Level 4.0 Spellcasting
 - Level 2.0 Conjurations
 - Level 2.0 Summonings
 - Level 1.0 Translocations
 - Level 2.0 Poison Magic


You had 4 spell levels left.
You knew the following spells:

 Your Spells              Type           Power        Failure   Level
a - Magic Dart            Conj           60%          7%          1
b - Call Imp              Summ           15%          11%         2
c - Slow                  Hex            5%           24%         2
d - Mephitic Cloud        Conj/Pois/Air  11%          28%         3

Your spell library contained the following spells:

 Spells                   Type           Power        Failure   Level
 Blink                    Tloc           N/A          16%         2
 Conjure Flame            Conj/Fire      10%          30%         3


Dungeon Overview and Level Annotations

Branches:
Dungeon (3/15)

Altars:
Ashenzari
Zin

Annotations:
D:3 Sigmund


Innate Abilities, Weirdness & Mutations

You cannot wear most types of armour.
You are very stealthy in the water. (Stealth+)
You are amphibious.
You can wear up to eight rings at the same time.
You can use your tentacles to constrict eight enemies at once.
Your skin changes colour to match your surroundings (Stealth+).
Your rubbery body absorbs attacks. (AC +1, EV +1)


Message History

Sigmund hits you with a +1 scythe of protection.
Found a scroll labelled ACZODI RYAXKYA.
Unknown command.
You are too confused!
You closely miss Sigmund.
Your transformation has ended.
Your +0 dagger unmelds from your body.
Your +0 hat unmelds from your body.
Sigmund zaps a wand.
You resist with some effort.
You are too confused!
You hit Sigmund but do no damage.
Sigmund hits you with a +1 scythe of protection.
Unknown command.
It was a potion of brilliance.
You feel clever all of a sudden.
You're too confused to move!
You feel less confused. Sigmund casts a spell at you.
The puff of flame hits you!
You die...

......[......###..
...[5..5@....†.....
....>..#)#...###...
.......#...#...#..?
...#...###...#...#
.. ##.# #.#...... #
#.# #....#... #<#
#....# #.
#)####.@..# ##
#...##..@.# ...
###)......##....
#..............
#...#.†..##....
#...#....##...?
#.............
#.............
#...#...###....


You could see Sigmund.

Vanquished Creatures
  Jessica (D:2)
  Terence (D:2)
  4 adders
  An ooze (D:1)
  4 worms (D:2)
  4 leopard geckos
  An orc (D:3)
  A ball python (D:2)
  5 giant cockroaches
  8 hobgoblins
  6 jackals (D:1)
  8 kobolds
  7 bats
  8 goblins
  11 rats
70 creatures vanquished.

Vanquished Creatures (collateral kills)
  An adder (D:3)
1 creature vanquished.

Grand Total: 71 creatures vanquished

Notes
Turn   | Place    | Note
-------+----------+-------------------------------------------
     0 | D:1      | thiole the Octopode Hedge Wizard began the quest for the
                  | Orb.
     0 | D:1      | Reached XP level 1. HP: 11/11 MP: 4/4
    68 | D:1      | Reached skill level 3 in Stealth
    68 | D:1      | Reached XP level 2. HP: 17/17 MP: 1/6
   541 | D:1      | Reached XP level 3. HP: 21/21 MP: 5/7
  1499 | D:2      | Found a glowing silver altar of Zin.
  1512 | D:2      | Reached XP level 4. HP: 21/27 MP: 3/9
  1595 | D:2      | Noticed Jessica
  1606 | D:2      | Killed Jessica
  1607 | D:2      | Reached skill level 4 in Stealth
  2098 | D:2      | Reached XP level 5. HP: 4/31 MP: 1/10
  2115 | D:2      | HP: 1/31 [poisoned by an adder]
  2625 | D:2      | Found a broken altar of Ashenzari.
  2862 | D:2      | Noticed Terence
  2867 | D:2      | Learned a level 2 spell: Call Imp
  2870 | D:2      | Learned a level 2 spell: Slow
  2874 | D:2      | Learned a level 3 spell: Mephitic Cloud
  2888 | D:2      | Killed Terence
  2889 | D:2      | Reached skill level 1 in Poison Magic
  3019 | D:2      | Reached skill level 5 in Stealth
  3444 | D:3      | Noticed Sigmund
  3480 | D:3      | Killed from afar by Sigmund

Illustrated notes

Levels and vault maps discovered:
D:1:      dpeg_arrival_rhombus, layout_rooms, minivault_27
D:2:      layout_basic, lemuel_doored_altar, zin_treasury, uniq_jessica,
          uniq_terence
D:3:      layout_rooms, minitemple, uniq_sigmund

Skill      XL: |  1  2  3  4  5 |
---------------+----------------+-----
Stealth        | 3 4 5 |  5.0
Summonings     | 2 |  2.0
Conjurations   | 2 |  2.0
Spellcasting   | 4 |  4.0
Poison Magic   | 2 |  2.0
Fighting       | |  0.1
Dodging        | |  2.0
Translocations | |  1.0

Action                   |  1- 3 |  4- 6 || total
-------------------------+-------+-------++-------
Melee: Dagger            |    47 |    35 ||    82
       Tentacles         |    10 |     9 ||    19
       Constrict         |    14 |     9 ||    23
       Unarmed           |       |     1 ||     1
 Cast: Magic Dart        |    77 |    86 ||   163
       Call Imp          |       |     6 ||     6
  Use: Potion            |       |     2 ||     2
Armor: Skin              |     4 |     1 ||     5
Dodge: Dodged            |    40 |    45 ||    85
